AoeStats
← thekyser

Michi

513735049Analyzed
1v1 RM · 4d ago on Oct 15, 2026· 71m 40s· 2 players
Game mode
Random Map
Map size
Tiny (2 player)
Population
200
Speed
Normal
Resources
Standard
Victory
Conquest
Starting age
Dark Age
Ending age
Imperial Age
RankedLock teamsTeams togetherTeam positionsShared explorationLock speedFull tech treeHidden civsTurbo modeCheats
Victory
Defeat
🇦🇷 Franks · Argentina
607
+15
vs
🇦🇷 Khmer · Argentina
579
-15
dr.jorgeabarca8
2:35 Loom
11:49 Feudal Age
12:16 Double-Bit Axe
16:32 Castle Age
14:44 Gold Mining
14:41 Horse Collar
15:46 Wheelbarrow
20:37 Imperial Age
25:13 Fletching
25:24 Padded Archer Armor
27:55 Heavy Plow
28:11 Bow Saw
29:29 Redemption
33:24 Tusk Swords
34:04 Hand Cart
35:03 Double Crossbow
38:17 Town Watch
38:38 Bodkin Arrow
38:59 Leather Archer Armor
38:14 Onager
38:16 Heavy Scorpion
39:57 Town Patrol
40:06 Elite Ballista Elephant
42:07 Ballistics
42:48 Chemistry
42:11 Fortified Wall
45:47 Bracer
46:18 Ring Archer Armor
56:27 Scale Barding Armor
56:27 Husbandry
56:37 Bloodlines
thekyser
8:05 Feudal Age
6:20 Loom
9:22 Wheelbarrow
8:35 Double-Bit Axe
10:24 Gold Mining
14:45 Castle Age
12:53 Padded Archer Armor
14:19 Stone Mining
14:23 Fletching
14:44 Forging
16:22 Bow Saw
21:20 Hand Cart
22:25 Gold Shaft Mining
23:31 Coinage
23:44 Scale Mail Armor
23:50 Scale Barding Armor
24:09 Leather Archer Armor
25:37 Bodkin Arrow
27:02 Caravan
32:40 Imperial Age
29:59 Town Watch
31:30 Iron Casting
31:11 Chain Mail Armor
31:16 Chain Barding Armor
32:48 Onager
33:58 Masonry
34:49 Chemistry
33:21 Pikeman
34:02 Squires
35:12 Plate Barding Armor
35:08 Plate Mail Armor
35:38 Blast Furnace
35:42 Banking
34:38 Cavalier
35:58 Husbandry
35:19 Light Cavalry
36:50 Elite Throwing Axeman
38:55 Paladin
42:47 Fortified Wall
43:08 Architecture
42:45 Halberdier
50:01 Elite Skirmisher
56:52 Capped Ram
Connection lost

Rejoining the realm…

Still unreachable

The connection could not be restored.

Session expired

The server has moved on; the page needs a fresh start.